 Dungeon Crawl Stone Soup version 0.27-a0-242-ge0fc76b88b (webtiles) character file.

Game seed: 3813180111490246067

4531 Borgoz the Carver (level 10, -8/88 HPs)
             Began as a Ghoul Gladiator on Feb 3, 2021.
             Mangled by Harold
             ... wielding a +4 long sword of electrocution
              (15 damage)
             ... on level 8 of the Dungeon.
             The game lasted 00:17:40 (10391 turns).

Borgoz the Carver (Ghoul Gladiator)                Turns: 10391, Time: 00:17:40

Health: -8/88      AC:  9    Str: 19    XL:     10   Next: 39%
Magic:  0/9        EV: 15    Int:  3    God:
Gold:   512        SH:  0    Dex: 13    Spells: 9/9 levels left

rFire    . . .     SeeInvis .   a - +0 long sword
rCold    + . .     Faith    .   (no shield)
rNeg     + + +     Spirit   +   n - +0 leather armour
rPois    ∞         Reflect  .   c - +0 helmet
rElec    .         Harm     .   F - +1 cloak
rCorr    .         Rampage  .   r - +0 pair of gloves
Will     .....                  H - +0 pair of boots
Stlth    +.........             x - amulet of guardian spirit
HPRegen  0.00/turn              (no ring)
MPRegen  0.11/turn              (no ring)

@: mighty, marked, very slightly contaminated, invisible
A: claws 1, cold resistance 1, negative energy resistance 3, inhibited
regeneration, torment resistance, unbreathing
a: no special abilities


You were on level 8 of the Dungeon.
You visited 2 branches of the dungeon, and saw 9 of its levels.

You collected 512 gold pieces.

Inventory:

Hand Weapons
 a - a +0 long sword (weapon)
 b - a +2 dagger of venom
Armour
 c - a +0 helmet (worn)
 n - a +0 leather armour (worn)
 r - a +0 pair of gloves (worn)
 F - a +1 cloak (worn)
 H - a +0 pair of boots (worn)
Jewellery
 x - an amulet of guardian spirit (around neck)
 D - an uncursed ring of ice
Wands
 l - a wand of paralysis (3)
 t - a wand of digging (2)
 G - a wand of iceblast (8)
Scrolls
 f - 4 scrolls of teleportation
 g - 3 scrolls of blinking {unknown}
 i - 2 scrolls of magic mapping {unknown}
 j - 7 scrolls of remove curse
 m - 2 scrolls of fear {unknown}
 w - a scroll of fog {unknown}
 y - 2 scrolls of random uselessness {unknown}
 A - 3 scrolls of enchant weapon {unknown}
 B - 4 scrolls of immolation {unknown}
Potions
 d - a potion of berserk rage {unknown}
 e - 3 potions of flight
 h - 3 potions of brilliance
 k - 2 potions of resistance
 o - a potion of ambrosia {unknown}
 s - 4 potions of attraction
 v - a potion of lignification {unknown}
 z - a potion of magic
 C - 2 potions of mutation {unknown}
 E - 3 potions of haste {unknown}


   Skills:
 + Level 7.6 Fighting
 * Level 9.1 Long Blades
 - Level 1.7 Throwing
 + Level 6.0 Armour
 + Level 6.6 Dodging


You had 9 spell levels left.
You didn't know any spells.
Your spell library was empty.

Dungeon Overview and Level Annotations

Branches:
Dungeon (8/15)             Temple (1/1) D:5
   Lair: D:8-11

Altars:
Ashenzari
Cheibriados
Dithmenos
Elyvilon
Fedhas
Gozag
Hepliaklqana
Kikubaaqudgha
Makhleb
Nemelex Xobeh
Okawaru
Qazlal
Ru
Sif Muna
Trog
Uskayaw
Wu Jian
Xom
Yredelemnul
Zin
The Shining One

Annotations:
D:8 Erica, Gastronok, Harold


Innate Abilities, Weirdness & Mutations

You thrive by killing the living.
You are immune to poison.
You have sharp fingernails.
Your flesh is cold resistant. (rC+)
You are immune to negative energy. (rN+++)
You do not regenerate when monsters are visible.
You are immune to unholy pain and torment.
You can survive without breathing.


Message History

Erica completely misses you.
Harold hits you with a +4 long sword of electrocution!
* * * LOW HITPOINT WARNING * * *
You slash Harold!
Harold is moderately wounded.
You feel less confused. Erica barely misses you.
You riposte.
You slice Erica!!
Erica is heavily wounded.
Harold closely misses you.
You closely miss Erica.
Erica is heavily wounded.
Erica hits you with a +3 scimitar of flaming!
* * * LOW HITPOINT WARNING * * *
Erica burns you.
* * * LOW HITPOINT WARNING * * *
You strike the helpless Erica from behind!
You slash Erica!
Erica is severely wounded.
Harold hits you with a +4 long sword of electrocution!
You die...

######...#.#####.##
(......<.#.# #.#
.######.##.# #.#
#.##.# #.# #..#.#
#.# # ##.#.# #.# #.
#.#.# #.#
#####.#######.# #.#
[......@....#.#
#####.@@###...#
#.#w# #..## #...#
#..# ...## #..#
.##. #..# #. #.
#..# # .. #..# ..
...#


You could see Gastronok (swift), Harold and Erica.

Vanquished Creatures
  Pikel (D:6)
  A gargoyle (D:6)
  Grinder (D:4)
  Prince Ribbit (D:4)
  Eustachio (D:4)
  2 orc warriors
  2 sky beasts
  3 ice beasts
  A centaur (D:8)
  4 ogres
  4 bullfrogs
  A scorpion (D:3)
  5 killer bees (D:7)
  4 wights (D:6)
  6 howler monkeys
  A centaur zombie (D:5)
  3 jellies
  6 hounds
  6 orc priests
  Crazy Yiuf (D:4)
  Jessica (D:3)
  A bullfrog skeleton (D:5)
  2 iguanas
  9 orc wizards
  4 worker ants
  A hound zombie (D:8)
  A hound skeleton (D:4)
  Robin (D:2)
  8 adders
  3 shadow imps
  A white imp (D:5)
  5 ufetubi
  An ooze (D:3)
  6 worms
  2 dart slugs (D:2)
  2 leopard geckos
  38 orcs
  3 giant cockroaches
  14 goblins
  13 hobgoblins
  18 jackals
  5 kobolds
  3 quokkas
  2 ball pythons
  5 bats
  4 frilled lizards
  A jackal skeleton (D:4)
  A leopard gecko skeleton (D:7)
  A leopard gecko zombie (D:5)
  9 rats
219 creatures vanquished.

Notes
Turn   | Place    | Note
-------+----------+-------------------------------------------
     0 | D:1      | Borgoz the Ghoul Gladiator began the quest for the Orb.
     0 | D:1      | Reached XP level 1. HP: 17/17 MP: 0/0
   471 | D:1      | Reached XP level 2. HP: 23/25 MP: 1/1
   601 | D:1      | Reached skill level 3 in Long Blades
   826 | D:1      | Reached XP level 3. HP: 15/30 MP: 2/2
  1353 | D:2      | Reached skill level 1 in Armour
  1575 | D:2      | Reached XP level 4. HP: 35/37 MP: 3/3
  1717 | D:2      | Noticed Robin
  1725 | D:2      | Killed Robin
  2015 | D:2      | Found a shimmering blue altar of Sif Muna.
  2133 | D:3      | Reached XP level 5. HP: 45/45 MP: 4/4
  2173 | D:3      | Noticed Jessica
  2182 | D:3      | Killed Jessica
  2355 | D:3      | Reached skill level 4 in Long Blades
  3168 | D:3      | Reached XP level 6. HP: 17/51 MP: 0/5
  3896 | D:4      | Found a glowing golden altar of the Shining One.
  3911 | D:4      | You fall into a shaft and drop 1 floor!
  3911 | D:5      | Entered Level 5 of the Dungeon
  3911 | D:5      | Noticed Prince Ribbit
  3921 | D:5      | Noticed a sky beast
  4252 | D:4      | Reached XP level 7. HP: 46/59 MP: 3/6
  4272 | D:4      | Killed Prince Ribbit
  4273 | D:4      | Reached skill level 5 in Long Blades
  4445 | D:4      | Noticed Eustachio
  4469 | D:4      | Killed Eustachio
  4702 | D:4      | Noticed Grinder
  4706 | D:4      | Paralysed by Grinder for 4 turns
  4719 | D:4      | Paralysed by Grinder for 2 turns
  4724 | D:4      | Killed Grinder
  4725 | D:4      | Reached XP level 8. HP: 29/67 MP: 3/7
  5004 | D:4      | Found a runed translucent door.
  5005 | D:4      | Noticed Crazy Yiuf
  5149 | D:4      | Killed Crazy Yiuf
  5150 | D:4      | Reached skill level 5 in Fighting
  5150 | D:4      | Reached skill level 6 in Long Blades
  5730 | D:5      | Reached skill level 5 in Dodging
  5938 | D:5      | Found a glowing golden altar of the Shining One.
  5938 | D:5      | Found a hazy altar of Hepliaklqana.
  5938 | D:5      | Found a sacrificial altar of Ru.
  5938 | D:5      | Found a burning altar of Makhleb.
  5947 | D:5      | Found an ancient bone altar of Kikubaaqudgha.
  5951 | D:5      | Found a snail-covered altar of Cheibriados.
  6124 | D:5      | Found a staircase to the Ecumenical Temple.
  6317 | Temple   | Entered the Ecumenical Temple
  6822 | D:6      | Reached XP level 9. HP: 75/75 MP: 8/8
  6843 | D:6      | Reached skill level 7 in Long Blades
  6876 | D:6      | Noticed Pikel
  6884 | D:6      | Killed Pikel
  6980 | D:6      | Reached skill level 5 in Armour
  7435 | D:6      | Noticed a gargoyle
  7451 | D:6      | Killed a gargoyle
  7452 | D:6      | Reached skill level 8 in Long Blades
  7951 | D:7      | Reached XP level 10. HP: 36/86 MP: 3/9
  7976 | D:7      | HP: 4/86 [ogre/+0 giant spiked club (11)]
  9601 | D:8      | Reached skill level 9 in Long Blades
 10000 | D:8      | Found a hide-covered altar of Uskayaw.
 10374 | D:8      | Noticed Gastronok
 10374 | D:8      | Noticed Erica
 10378 | D:8      | Paralysed by Erica for 3 turns
 10381 | D:8      | Noticed Harold
 10391 | D:8      | Mangled by Harold

Illustrated notes

Levels and vault maps discovered:
D:1:      grunt_arrival_lava_bath, layout_loops_corners, kennysheep_flooded_box
D:2:      layout_rooms, general_overflow_altar, uniq_robin
D:3:      layout_basic, uniq_jessica
D:4:      layout_cave_pools, tso_metal_star, uniq_eustachio,
          uniq_crazy_yiuf_cottage, uniq_grinder
D:5:      layout_rooms, minmay_overflow_temple_hex, minmay_temple_entry_slanted,
          minmay_fountain_box, uniq_prince_ribbit1
D:6:      layout_rooms, minmay_three_doors, uniq_pikel
D:7:      layout_loops_ring
D:8:      layout_loops_ring, nicolae_overflow_crystal_walls,
          kennysheep_generic_room_4, uniq_harold, uniq_gastronok, uniq_erica
Temple:   oiseaux_autumnal_temple

Skill      XL: |  1  2  3  4  5  6  7  8  9 10 |
---------------+-------------------------------+-----
Long Blades    | 3 4 5 6 8 9 |  9.1
Armour         | 1 2 3 4 5 6 |  6.0
Dodging        | 3 4 5 6 |  6.6
Fighting       | 3 4 5 7 |  7.6
Throwing       | |  1.7

Action                   |  1- 3 |  4- 6 |  7- 9 | 10-12 || total
-------------------------+-------+-------+-------+-------++-------
Melee: Long sword        |    83 |   221 |   346 |   219 ||   869
Throw: Throwing net      |       |     2 |     4 |       ||     6
Evoke: Wand              |       |       |     3 |       ||     3
  Use: Scroll            |     3 |     6 |     1 |     3 ||    13
       Potion            |       |     3 |     7 |     3 ||    13
 Stab: Held in net/web   |       |     2 |     2 |       ||     4
       Paralysed         |       |       |     4 |       ||     4
       Invisible         |       |       |       |     1 ||     1
       Sleeping          |       |       |       |     1 ||     1
Armor: Leather armour    |    32 |   104 |   107 |    59 ||   302
Dodge: Dodged            |    70 |   223 |   296 |   181 ||   770
       Rpst.: Long sword |    24 |    64 |    80 |    62 ||   230

Table legend: (Time is in decaauts)
 A = Elapsed time spent in this place.
 B = Non-inter-level travel time spent in this place.
 C = Inter-level travel time spent in this place.
 D = Time resting spent in this place.
 E = Time spent auto-exploring this place.
 F = Levels seen in this place.
 G = Mean time per level.
                   A        B        C        D        E       F      G
               +--------+--------+--------+--------+--------+-----+--------+
         Total |  10476 |  10227 |    249 |   3088 |   5227 |   9 | 1164.0 |
       Dungeon |  10168 |   9955 |    213 |   3088 |   4957 |   8 | 1271.0 |
        Temple |    307 |    271 |     36 |      0 |    270 |   1 |  307.0 |
               +--------+--------+--------+--------+--------+-----+--------+

Top non-repeatable levels by time:
     D:4: 1705 daAuts
     D:3: 1562 daAuts
     D:7: 1543 daAuts
     D:1: 1360 daAuts
     D:5: 1183 daAuts
     D:6: 1078 daAuts
     D:8: 979 daAuts
     D:2: 756 daAuts
  Temple: 307 daAuts
